 Dungeon Crawl Stone Soup version 0.22-a0-147-gfdd7f25 (webtiles) character file.

16630 kuniqs the Martial Artist (level 12, -6/91 HPs)
             Began as a Gnoll Transmuter on Feb 6, 2018.
             Was a High Priest of Wu Jian.
             Mangled by a phantasmal warrior (19 damage)
             ... led by a death knight
             ... on level 12 of the Dungeon.
             The game lasted 00:32:23 (10384 turns).

kuniqs the Martial Artist (Gnoll Transmuter)       Turns: 10384, Time: 00:32:23

Health: -6/91      AC: 11    Str: 16    XL:     12   Next: 39%
Magic:  24/24      EV: 19    Int: 17    God:    Wu Jian [*****.]
Gold:   268        SH: 10    Dex: 16    Spells: 9/28 levels left

rFire    + . .     SeeInvis .     - Unarmed
rCold    + + .     Gourm    .   N - +0 shield
rNeg     + . .     Faith    .   P - +1 leather armour "Felecw" {rPois rF+ rC++ rN+}
rPois    +         Spirit   .   y - +0 helmet
rElec    .         Reflect  .   (no cloak)
rCorr    .         Harm     .   (no gloves)
MR       .....                  j - +0 pair of boots
Stlth    +++.......             E - amulet of regeneration
HPRegen  0.65/turn              I - +4 ring of protection
MPRegen  0.19/turn              s - +3 ring of evasion

@: exhausted, vulnerable, hasted and slowed
A: distributed training, fangs 1, strong nose
a: Wall Jump, Serpent's Lash, Heavenly Storm, Renounce Religion


You were on level 12 of the Dungeon.
You worshipped Wu Jian.
Wu Jian was extremely pleased with you.
You were not hungry.

You visited 2 branches of the dungeon, and saw 13 of its levels.

You collected 635 gold pieces.
You spent 367 gold pieces at shops.

Inventory:

Missiles
 a - 299 arrows
Armour
 j - a +0 pair of boots (worn)
 y - a +0 helmet (worn)
 N - a +0 shield (worn)
 P - the +1 leather armour "Felecw" (worn) {rPois rF+ rC++ rN+}
   (You found it on level 12 of the Dungeon)

   It protects you from fire.
   It greatly protects you from cold.
   It protects you from poison.
   It protects you from negative energy.
Jewellery
 q - an uncursed ring of protection from magic
 s - a +3 ring of evasion (right hand)
 E - an amulet of regeneration (around neck)
 I - a +4 ring of protection (left hand)
Wands
 o - a wand of paralysis (6)
 C - a wand of flame (24)
 M - a wand of polymorph (11)
Scrolls
 c - 2 scrolls of fog
 e - 7 scrolls of teleportation
 g - 6 scrolls of remove curse {@r2}
 h - a scroll of torment {unknown}
 l - 2 scrolls of random uselessness {unknown}
 n - 2 scrolls of identify {@r1}
 r - a scroll of enchant weapon
 t - 3 scrolls of magic mapping {unknown}
 v - a scroll of blinking
 D - 2 scrolls of holy word {unknown}
 F - a scroll of amnesia {unknown}
 G - 2 scrolls of fear {unknown}
 H - 2 scrolls of immolation {unknown}
 L - a scroll of vulnerability {unknown}
Potions
 f - 2 potions of haste
 i - 4 potions of curing {@q1}
 k - 2 potions of agility
 p - a potion of mutation
 u - a potion of cancellation
 w - a potion of berserk rage
 x - 2 potions of flight
 z - 2 potions of lignification
 J - 2 potions of brilliance {unknown}
 O - a potion of magic {unknown}
Comestibles
 d - 14 rations
 K - 5 chunks of flesh


   Skills:
 + Level 7.6 Fighting
 + Level 7.1 Short Blades
 + Level 7.1 Long Blades
 + Level 7.1 Axes
 + Level 7.1 Maces & Flails
 + Level 7.1 Polearms
 + Level 7.1 Staves
 + Level 7.1 Slings
 + Level 7.1 Bows
 + Level 7.1 Crossbows
 + Level 7.1 Throwing
 + Level 7.1 Armour
 + Level 8.5 Dodging
 + Level 7.1 Stealth
 + Level 7.1 Shields
 + Level 9.7 Unarmed Combat
 + Level 8.8 Spellcasting
 + Level 5.9 Conjurations
 + Level 5.9 Hexes
 + Level 5.9 Charms
 + Level 5.9 Summonings
 + Level 5.9 Necromancy
 + Level 5.9 Translocations
 + Level 7.1 Transmutations
 + Level 5.9 Fire Magic
 + Level 5.9 Ice Magic
 + Level 5.9 Air Magic
 + Level 5.9 Earth Magic
 + Level 5.9 Poison Magic
 + Level 7.8 Invocations
 + Level 7.1 Evocations


You had 9 spell levels left.
You knew the following spells:

 Your Spells              Type           Power        Failure   Level  Hunger
a - Beastly Appendage     Tmut           ####..       1%          1    None
b - Sticks to Snakes      Tmut           ####....     2%          2    None
c - Spider Form           Tmut/Pois      ####......   6%          3    None
d - Ice Form              Ice/Tmut       ####....     22%         4    ###....
e - Blade Hands           Tmut           ####......   43%         5    #####..
f - Summon Lightning Spi  Summ/Air       ####....     26%         4    ###....


Dungeon Overview and Level Annotations

Branches:
Dungeon (12/15)            Temple (1/1) D:5            Lair (0/6) D:9
    Orc (0/2) D:9

Altars:
Ashenzari
Cheibriados
Dithmenos
Elyvilon
Fedhas
Gozag
Hepliaklqana
Kikubaaqudgha
Makhleb
Okawaru
Qazlal
Ru
Trog
Uskayaw
Vehumet
Wu Jian
Xom
Yredelemnul
Zin

Shops:
D:5 *   D:8 !?   D:9 (

Annotations:
D:4 kegs's ghost, novice HOFi
D:10 1 runed door


Innate Abilities, Weirdness & Mutations

Your experience applies equally to all skills.
You have very sharp teeth.
Your uncanny sense of smell can sniff out nearby items.


Message History

You feel much better. The wraith completely misses you.
The phantasmal warrior hits you! The wraith completely misses you.
You spin and attack the wraith.
You closely miss the wraith.
You spin and attack the phantasmal warrior.
You hit the phantasmal warrior. The phantasmal warrior hits you!!
* * * LOW HITPOINT WARNING * * *
The wraith completely misses you.
The phantasmal warrior completely misses you.
You feel yourself speed up.
Your transformation has ended.
Your +0 helmet unmelds from your body.
Your +0 pair of boots unmelds from your body.
Your +0 shield unmelds from your body.
The +1 leather armour "Felecw" {rPois rF+ rC++ rN+} unmelds from your body.
You block the wraith's attack. The phantasmal warrior hits you.
* * * LOW HITPOINT WARNING * * *
The wraith hits you.
* * * LOW HITPOINT WARNING * * *
You feel better. The phantasmal warrior hits you!!
You die...

### #.# ..###
####.### #...#
#......# ###.#
#......# ###.##
####......# #'
.....####..'......#
#..
..........##......#
.'
...=.#######......#.#
...[.# #....@W'.#
.....# #.....W###
.....# #......# ∆
...>.# ########
.....# ######


You could see a phantasmal warrior and a wraith.

Vanquished Creatures
  A hydra (D:12)
  3 two-headed ogres
  The ghost of Moebius the Spear-Bearer, a novice MfGl of Okawaru (D:9)
  An unseen horror (D:11)
  2 ugly things (D:12)
  A centaur zombie (D:10)
  A gargoyle (D:12)
  2 kobold demonologists (D:12)
  3 meliai (D:11)
  A troll (D:11)
  5 slime creatures (D:12)
  A shadow (D:12)
  8 yaks
  A vampire (D:11)
  A steam dragon (D:11)
  A warg (D:11)
  Duvessa (D:6)
  2 water moccasins
  6 orc warriors
  A porcupine (D:9)
  3 ice beasts
  2 sky beasts
  3 phantoms
  4 black bears
  11 ogres
  A necrophage (D:12)
  10 centaurs
  A crocodile (D:11)
  Blork the orc (D:4)
  10 bullfrogs
  A big kobold (D:11)
  A wyvern skeleton (D:12)
  Dowan (D:6)
  3 scorpions
  6 killer bees
  4 howler monkeys
  3 wights
  11 crimson imps
  8 hounds
  A quasit (D:9)
  4 bullfrog zombies
  5 jellies
  5 orc priests
  A centaur skeleton (D:4)
  2 bullfrog skeletons
  Ijyb (D:3)
  5 iguanas
  3 orc wizards
  11 worker ants
  A hound zombie (D:11)
  4 hound skeletons
  A howler monkey zombie (D:6)
  7 gnolls
  14 adders
  2 adder skeletons
  An adder zombie (D:5)
  8 worms
  2 dart slugs
  5 leopard geckos
  44 orcs
  A ball python (D:3)
  4 bats
  5 giant cockroaches
  5 goblins
  4 hobgoblins (D:2)
  14 jackals
  18 kobolds
  6 quokkas
  3 frilled lizards
  2 jackal skeletons (D:9)
  10 rats
  A spectral orc (D:9)
327 creatures vanquished.

Vanquished Creatures (others)
  4 fungi (D:9)
4 creatures vanquished.

Grand Total: 331 creatures vanquished

Notes
Turn   | Place    | Note
-------+----------+-------------------------------------------
     0 | D:1      | kuniqs the Gnoll Transmuter began the quest for the Orb.
     0 | D:1      | Reached XP level 1. HP: 17/17 MP: 6/6
   114 | D:1      | Reached XP level 2. HP: 18/23 MP: 7/7
   269 | D:1      | Learned a level 2 spell: Sticks to Snakes
   618 | D:2      | Reached skill level 5 in Spellcasting
   618 | D:2      | Reached XP level 3. HP: 22/28 MP: 6/9
   803 | D:2      | Reached skill level 1 in Invocations
  1127 | D:2      | Reached skill level 1 in Short Blades
  1127 | D:2      | Reached skill level 1 in Long Blades
  1127 | D:2      | Reached skill level 1 in Axes
  1127 | D:2      | Reached skill level 1 in Maces & Flails
  1127 | D:2      | Reached skill level 1 in Polearms
  1127 | D:2      | Reached skill level 1 in Staves
  1127 | D:2      | Reached skill level 1 in Slings
  1127 | D:2      | Reached skill level 1 in Bows
  1127 | D:2      | Reached skill level 1 in Crossbows
  1127 | D:2      | Reached skill level 1 in Throwing
  1127 | D:2      | Reached skill level 1 in Armour
  1127 | D:2      | Reached skill level 1 in Stealth
  1127 | D:2      | Reached skill level 1 in Shields
  1127 | D:2      | Reached skill level 1 in Evocations
  1226 | D:2      | Found a hazy altar of Hepliaklqana.
  1277 | D:2      | Reached XP level 4. HP: 34/34 MP: 11/11
  1282 | D:2      | Learned a level 3 spell: Spider Form
  1805 | D:3      | Reached skill level 1 in Conjurations
  1805 | D:3      | Reached skill level 1 in Hexes
  1805 | D:3      | Reached skill level 1 in Charms
  1805 | D:3      | Reached skill level 1 in Summonings
  1805 | D:3      | Reached skill level 1 in Necromancy
  1805 | D:3      | Reached skill level 1 in Translocations
  1805 | D:3      | Reached skill level 1 in Fire Magic
  1805 | D:3      | Reached skill level 1 in Ice Magic
  1805 | D:3      | Reached skill level 1 in Air Magic
  1805 | D:3      | Reached skill level 1 in Earth Magic
  1805 | D:3      | Reached skill level 1 in Poison Magic
  2097 | D:3      | Noticed Ijyb
  2118 | D:3      | Killed Ijyb
  2118 | D:3      | Reached XP level 5. HP: 38/40 MP: 9/12
  2128 | D:3      | Found a faded altar of an unknown god.
  2208 | D:3      | Learned a level 4 spell: Ice Form
  2445 | D:3      | Found a sacrificial altar of Ru.
  2448 | D:3      | Found an ancient bone altar of Kikubaaqudgha.
  2451 | D:3      | Found a shadowy altar of Dithmenos.
  2454 | D:3      | Found a shattered altar of Ashenzari.
  2487 | D:3      | Found a white marble altar of Elyvilon.
  2686 | D:4      | Noticed an ogre
  2695 | D:4      | Killed an ogre
  2695 | D:4      | Reached XP level 6. HP: 47/47 MP: 10/13
  2728 | D:4      | Reached skill level 5 in Dodging
  3090 | D:4      | Noticed kegs's ghost (novice HOFi)
  3195 | D:4      | Reached XP level 7. HP: 52/52 MP: 11/15
  3258 | D:4      | Reached skill level 7 in Unarmed Combat
  3358 | D:4      | Noticed Blork the orc
  3366 | D:4      | Killed Blork the orc
  3574 | D:5      | Entered Level 5 of the Dungeon
  3662 | D:5      | Found Sugur's General Store.
  3682 | D:5      | Bought a scroll of blinking for 82 gold pieces
  3810 | D:5      | Found a white marble altar of Elyvilon.
  3992 | D:5      | Reached XP level 8. HP: 55/60 MP: 12/16
  4138 | D:5      | Found a staircase to the Ecumenical Temple.
  4154 | Temple   | Entered the Ecumenical Temple
  4167 | Temple   | Became a worshipper of the Wu Jian Council
  4637 | D:6      | Learned a level 5 spell: Blade Hands
  4769 | D:6      | Found a blossoming altar of Fedhas.
  4769 | D:6      | Found a stormy altar of Qazlal.
  4991 | D:6      | Reached XP level 9. HP: 66/66 MP: 18/18
  4994 | D:6      | Noticed Dowan
  5002 | D:6      | Noticed Duvessa
  5004 | D:6      | Killed Dowan
  5004 | D:6      | Reached * piety under Wu Jian
  5006 | D:6      | Reached skill level 5 in Transmutations
  5017 | D:6      | Killed Duvessa
  5514 | D:6      | Found a glowing silver altar of Zin.
  5775 | D:7      | Reached skill level 5 in Fighting
  5974 | D:7      | Reached skill level 8 in Unarmed Combat
  6080 | D:7      | Reached skill level 5 in Invocations
  6136 | D:7      | Reached ** piety under Wu Jian
  6309 | D:8      | Found Atyghum's Distillery.
  6321 | D:8      | Bought a potion of heal wounds for 75 gold pieces
  6321 | D:8      | Bought a potion of haste for 150 gold pieces
  6321 | D:8      | Bought a potion of degeneration for 15 gold pieces
  6321 | D:8      | Bought a potion of curing for 45 gold pieces
  6414 | D:8      | Reached XP level 10. HP: 74/74 MP: 17/20
  6489 | D:8      | Found a stormy altar of Qazlal.
  6527 | D:8      | Found Noryobb's Magic Scroll Emporium.
  6961 | D:9      | Found Xigangi's Antique Weapon Shop.
  7053 | D:9      | Found a staircase to the Lair.
  7060 | D:9      | Reached skill level 5 in Short Blades
  7060 | D:9      | Reached skill level 5 in Long Blades
  7060 | D:9      | Reached skill level 5 in Axes
  7060 | D:9      | Reached skill level 5 in Maces & Flails
  7060 | D:9      | Reached skill level 5 in Polearms
  7060 | D:9      | Reached skill level 5 in Staves
  7060 | D:9      | Reached skill level 5 in Slings
  7060 | D:9      | Reached skill level 5 in Bows
  7060 | D:9      | Reached skill level 5 in Crossbows
  7060 | D:9      | Reached skill level 5 in Throwing
  7060 | D:9      | Reached skill level 5 in Armour
  7060 | D:9      | Reached skill level 5 in Stealth
  7060 | D:9      | Reached skill level 5 in Shields
  7060 | D:9      | Reached skill level 5 in Evocations
  7123 | D:9      | Reached *** piety under Wu Jian
  7285 | D:9      | Noticed Moebius's ghost (novice MfGl)
  7377 | D:9      | Killed Moebius's ghost
  7517 | D:9      | Found a bloodstained altar of Trog.
  7581 | D:9      | Found a staircase to the Orcish Mines.
  7626 | D:9      | Reached XP level 11. HP: 76/82 MP: 19/22
  7769 | D:9      | Found a basalt altar of Yredelemnul.
  7871 | D:9      | Found a shimmering altar of Xom.
  7900 | D:9      | Found a burning altar of Makhleb.
  7901 | D:9      | Found a radiant altar of Vehumet.
  7974 | D:10     | Entered Level 10 of the Dungeon
  8223 | D:10     | Found a runed door.
  8223 | D:10     | Noticed an ice dragon
  8223 | D:10     | Noticed an ettin
  8223 | D:10     | Noticed a frost giant
  8226 | D:10     | Noticed a frost giant
  8226 | D:10     | Noticed a deep troll earth mage
  8226 | D:10     | Noticed a harpy
  8226 | D:10     | Noticed a stone giant
  8321 | D:10     | Reached skill level 9 in Unarmed Combat
  8364 | D:10     | Reached **** piety under Wu Jian
  8429 | D:10     | Learned a level 4 spell: Summon Lightning Spire
  8460 | D:10     | Noticed a two-headed ogre
  8469 | D:10     | Reached skill level 5 in Conjurations
  8469 | D:10     | Reached skill level 5 in Hexes
  8469 | D:10     | Reached skill level 5 in Charms
  8469 | D:10     | Reached skill level 5 in Summonings
  8469 | D:10     | Reached skill level 5 in Necromancy
  8469 | D:10     | Reached skill level 5 in Translocations
  8469 | D:10     | Reached skill level 5 in Fire Magic
  8469 | D:10     | Reached skill level 5 in Ice Magic
  8469 | D:10     | Reached skill level 5 in Air Magic
  8469 | D:10     | Reached skill level 5 in Earth Magic
  8469 | D:10     | Reached skill level 5 in Poison Magic
  8488 | D:10     | Killed a two-headed ogre
  8820 | D:11     | Killed an unseen horror
  9172 | D:11     | Noticed a two-headed ogre
  9181 | D:11     | Killed a two-headed ogre
  9454 | D:11     | Noticed a two-headed ogre
  9468 | D:11     | Killed a two-headed ogre
  9713 | D:11     | Reached XP level 12. HP: 86/91 MP: 24/24
  9726 | D:11     | Reached ***** piety under Wu Jian
  9891 | D:12     | Noticed a seven-headed hydra
  9897 | D:12     | Killed a seven-headed hydra
 10323 | D:12     | Identified the +1 leather armour "Felecw" {rPois rF+ rC++ rN+} (You found it on level 12 of the Dungeon)
 10367 | D:12     | Noticed a death knight
 10384 | D:12     | Mangled by a phantasmal warrior

Vault maps used:
D:1:      dpeg_arrival_tiny_i, minmay_pentomino_o2
D:2:      nicolae_overflow_hidden_temple
D:3:      nicolae_overflow_crystal_walls, grunt_temple_overflow_cloverleaf,
          chequers_ecumenical_altar_twisty, uniq_ijyb
D:4:      first_ration, uniq_blork_the_orc
D:5:      minmay_temple_entry_enclosed_plants, serial_shops, shop,
          minmay_misc_feat_ornament, lemuel_tele_altar
D:6:      grunt_temple_overflow_forces_of_nature, lemuel_round_altar,
          kennysheep_nub, uniq_duvessa
D:7:      lemuel_flamethrower_1
D:8:      serial_shops, shop, nicolae_shop_stone, basic_altar
D:9:      grunt_temple_overflow_lords_of_destruction,
          yredelemnul_forgotten_temple_becter, lemuel_coloured_pillars_altar,
          grunt_lair_entry_orc_guard_hut, erik_orc_3, serial_shops, shop,
          basic_altar
D:10:     minmay_gate_of_8
Temple:   compressed_dpeg_triangle_lava_temple

Skill      XL: |  1  2  3  4  5  6  7  8  9 10 11 12 |
---------------+-------------------------------------+-----
Spellcasting   | 5 6 7 8 |  8.8
Invocations    | 1 2 3 4 5 6 7 |  7.8
Short Blades   | 1 2 3 4 5 6 7 |  7.1
Long Blades    | 1 2 3 4 5 6 7 |  7.1
Axes           | 1 2 3 4 5 6 7 |  7.1
Maces & Flails | 1 2 3 4 5 6 7 |  7.1
Polearms       | 1 2 3 4 5 6 7 |  7.1
Staves         | 1 2 3 4 5 6 7 |  7.1
Slings         | 1 2 3 4 5 6 7 |  7.1
Bows           | 1 2 3 4 5 6 7 |  7.1
Crossbows      | 1 2 3 4 5 6 7 |  7.1
Throwing       | 1 2 3 4 5 6 7 |  7.1
Armour         | 1 2 3 4 5 6 7 |  7.1
Stealth        | 1 2 3 4 5 6 7 |  7.1
Shields        | 1 2 3 4 5 6 7 |  7.1
Evocations     | 1 2 3 4 5 6 7 |  7.1
Conjurations   | 1 2 3 4 5 |  5.9
Hexes          | 1 2 3 4 5 |  5.9
Charms         | 1 2 3 4 5 |  5.9
Summonings     | 1 2 3 4 5 |  5.9
Necromancy     | 1 2 3 4 5 |  5.9
Translocations | 1 2 3 4 5 |  5.9
Fire Magic     | 1 2 3 4 5 |  5.9
Ice Magic      | 1 2 3 4 5 |  5.9
Air Magic      | 1 2 3 4 5 |  5.9
Earth Magic    | 1 2 3 4 5 |  5.9
Poison Magic   | 1 2 3 4 5 |  5.9
Fighting       | 3 4 5 6 7 |  7.6
Transmutations | 4 5 6 7 |  7.1
Dodging        | 5 6 7 8 |  8.5
Unarmed Combat | 7 8 9 |  9.7

Action                   |  1- 3 |  4- 6 |  7- 9 | 10-12 || total
-------------------------+-------+-------+-------+-------++-------
Melee: Unarmed           |    76 |   105 |   385 |   773 ||  1339
       Bite              |     8 |     2 |    11 |    32 ||    53
       Kick              |    18 |       |       |       ||    18
       Punch             |     2 |     2 |     4 |     5 ||    13
       Headbutt          |     3 |     1 |       |       ||     4
 Cast: Beastly Appendage |     8 |     1 |       |       ||     9
       Spider Form       |       |    13 |    28 |    27 ||    68
       Sticks to Snakes  |       |     1 |       |     7 ||     8
       Ice Form          |       |       |       |     1 ||     1
Invok: Lunge             |       |       |     7 |    39 ||    46
       Whirlwind         |       |       |       |   154 ||   154
       Wall Jump         |       |       |       |    12 ||    12
       Serpent's Lash    |       |       |       |     1 ||     1
Evoke: Wand              |       |       |       |     5 ||     5
  Use: Scroll            |       |     1 |       |    12 ||    13
       Potion            |       |       |       |     6 ||     6
 Stab: Sleeping          |     2 |     1 |     1 |     8 ||    12
       Paralysed         |       |       |       |    12 ||    12
       Distracted        |       |       |       |     2 ||     2
  Eat: Chunk             |     1 |     6 |    13 |    15 ||    35
Armor: Robe              |     3 |       |       |       ||     3
       Skin              |       |     3 |     6 |    20 ||    29
       Leather armour    |       |     1 |       |       ||     1
       Ring mail         |       |       |     6 |       ||     6
       Scale mail        |       |       |    11 |    86 ||    97
Dodge: Dodged            |    45 |    76 |   332 |   536 ||   989
Block: Shield            |       |       |       |    45 ||    45

Table legend:
 A = Spawn XP
 B = Non-spawn XP
 C = Spawn XP percentage of total XP
 D = Spawn monster count
 E = Non-spawn monster count
 F = Spawn count percentage of total count
 G = Total turns spent on level
                    A         B        C        D         E        F      G
               +---------+---------+-------+---------+---------+-------+---------
         Total |       0 |   23758 |   0.0 |       0 |     327 |   0.0 | 10384
               +---------+---------+-------+---------+---------+-------+---------
           D:1 |       0 |      26 |   0.0 |       0 |      15 |   0.0 |   671
           D:2 |       0 |      79 |   0.0 |       0 |      26 |   0.0 |  1277
           D:3 |       0 |     124 |   0.0 |       0 |      25 |   0.0 |   694
           D:4 |       0 |     626 |   0.0 |       0 |      16 |   0.0 |   932
           D:5 |       0 |     485 |   0.0 |       0 |      13 |   0.0 |   906
           D:6 |       0 |    1625 |   0.0 |       0 |      29 |   0.0 |  1189
           D:7 |       0 |    1412 |   0.0 |       0 |      31 |   0.0 |   580
           D:8 |       0 |     857 |   0.0 |       0 |      19 |   0.0 |   719
           D:9 |       0 |    4202 |   0.0 |       0 |      53 |   0.0 |   987
          D:10 |       0 |    3278 |   0.0 |       0 |      21 |   0.0 |   922
          D:11 |       0 |    5822 |   0.0 |       0 |      48 |   0.0 |   901
          D:12 |       0 |    5222 |   0.0 |       0 |      31 |   0.0 |   579
               +---------+---------+-------+---------+---------+-------+---------
